Construct Section Command Post
Selects Air and Sea Battlegroup
Selects Air and Sea Battlegroup
Construct Platoon Command Post
Unlock M3 Stuart Light Tanks
6-pounder Anti-tank Gun Team
Construct Field Infirmary
Construct Company Command Post
Selects Commando Section Paradrop
Selects Centaur Medium Tank
Selects M1 Pack Howitzer Paradrop
Commando Section Paradrop
Unlock Towed 17-pounder Anti-tank Guns
17-pounder Anti-tank Gun Team
6-pounder Anti-tank Gun Team
M1 Pack Howitzer Paradrop